Map: Tokamak LE

Players

Sindyr - Winner!

  • Race: Zerg Zerg
  • League: Master
  • Spawn Location: 7:00

Platoon

  • Race: Zerg Zerg
  • League: Master
  • Spawn Location: 1:00

VOD

Have the link to the VOD?

Description

Time

  • Played on: Oct. 27, 2025, 5:12 a.m.
  • Length: 10:40
Show
View Real Time Build Order
Export as new Build Order

Sindyr Zerg - Winner!

Build Orders: Hatch First 

Get SALT Encoding   

  12  0:03  Drone  
  13  0:10  Drone  
  14  0:14  Extractor  
  14  0:15  Drone  
  14  0:23  Extractor  
  14  0:26  Overlord  
  15  0:44  Drone  
  16  0:53  Drone  
  16  0:56  Hatchery, Drone  
  17  1:02  Drone  
  18  1:05  Extractor  
  17  1:18  Spawning Pool  
  16  1:21  Drone  
  16  1:24  Drone  
  18  1:35  Drone  
  19  1:41  Drone  
  20  1:51  Drone  
  21  2:08  Queen x2  
  23  2:10  Zergling x4  
  23  2:12  Overlord  
  27  2:35  Drone x4  
  31  2:43  Queen  
  31  2:51  Lair  
  33  2:56  Roach Warren  
  33  2:58  Evolution Chamber  
  31  3:00  Drone  
  31  3:01  Drone  
  31  3:04  Drone  
  34  3:06  Drone  
  35  3:29  Zerg Missile Weapons Level 1  
  36  3:41  Drone  
  36  3:42  Overlord x2  
  36  3:49  Glial Reconstitution  
  36  3:58  Extractor  
  36  3:59  Drone  
  36  4:00  Drone x2  
  36  4:01  Drone x4  
  42  4:03  Hatchery, Drone x2  
  43  4:13  Metabolic Boost  
  43  4:31  Overlord  
  43  4:36  Extractor  
  42  4:40  Roach  
  42  4:41  Roach x4, Evolution Chamber  
  51  4:51  Roach  
  51  4:52  Roach x2  
  57  4:54  Roach  
  59  5:13  Drone  
  60  5:14  Drone  
  60  5:15  Drone x3  
  64  5:24  Roach  
  64  5:26  Overlord x2  
  66  5:37  Spine Crawler  
  66  5:38  Spine Crawler  
  63  5:52  Extractor  
  63  5:53  Queen  
  63  5:55  Drone x13  
  77  6:00  Zerg Missile Weapons Level 2  
  77  6:01  Zerg Ground Armor Level 1  
  77  6:08  Infestation Pit  
  76  6:20  Drone x3  
  76  6:22  Overlord x2  
  76  6:23  Overseer x2  
  79  6:26  Overseer  
  79  6:31  Roach  
  81  6:40  Roach x6  
  81  6:41  Roach  
  95  6:56  Overlord  
  95  6:57  Overlord  
  95  7:05  Extractor  
  95  7:06  Hive  
  95  7:07  Drone x3  
  97  7:14  Overlord  
  97  7:40  Drone x3  
  100  7:56  Zerg Ground Armor Level 2  
  100  7:58  Hatchery, Overlord x2  
  99  8:22  Extractor, Roach x15  
  99  8:23  Roach  
  99  8:24  Overlord x5  
  130  8:45  Hydralisk Den  
  129  8:56  Pneumatized Carapace  
  129  8:58  Drone x2  
  129  8:59  Drone  
  132  9:05  Hydralisk Den  
  131  9:14  Overlord x2  
  131  9:16  Queen  
  134  9:19  Hydralisk x10  
  134  9:20  Hydralisk, Roach x4  
  164  9:29  Muscular Augments  
  164  9:31  Overseer x3  
  155  9:46  Hydralisk x5  
  155  9:47  Hydralisk  
  155  9:50  Hydralisk  
  155  9:54  Hydralisk  
Show
View Real Time Build Order
Export as new Build Order

Platoon Zerg 

Build Orders: Hatch First 

Get SALT Encoding   

  12  0:00  Drone  
  13  0:08  Drone  
  14  0:16  Overlord  
  14  0:25  Overlord  
  14  0:36  Drone  
  15  0:43  Drone  
  16  0:55  Hatchery  
  15  0:59  Drone  
  15  1:01  Drone  
  17  1:16  Spawning Pool  
  16  1:20  Drone  
  16  1:24  Drone  
  18  1:26  Drone  
  19  1:35  Extractor x2  
  19  1:37  Drone  
  18  2:07  Drone x2  
  20  2:16  Drone  
  20  2:17  Drone  
  20  2:19  Drone  
  23  2:25  Queen  
  23  2:27  Roach Warren  
  23  2:29  Drone  
  25  2:30  Queen  
  27  2:39  Drone  
  27  2:40  Drone  
  29  2:47  Metabolic Boost  
  29  2:50  Drone  
  30  2:51  Drone  
  30  2:53  Drone  
  32  3:01  Drone  
  33  3:07  Overlord x2  
  33  3:12  Drone  
  34  3:23  Drone  
  34  3:25  Zergling x2  
  34  3:26  Zergling x2  
  37  3:33  Drone  
  38  3:43  Drone  
  38  3:45  Hatchery  
  38  3:55  Lair  
  38  3:58  Drone  
  39  4:09  Drone  
  40  4:14  Hatchery  
  40  4:16  Extractor  
  38  4:19  Zergling x6  
  38  4:21  Zergling x2  
  42  4:28  Drone  
  43  4:41  Drone  
  43  4:44  Drone  
  43  4:45  Drone  
  46  4:55  Evolution Chamber  
  46  4:59  Roach  
  47  5:02  Drone  
  47  5:03  Drone  
  49  5:10  Drone  
  49  5:13  Extractor  
  49  5:21  Roach  
  49  5:22  Roach x2  
  49  5:23  Roach  
  49  5:27  Overlord  
  57  5:29  Drone  
  52  5:46  Drone  
  52  5:49  Overlord x5  
  53  5:50  Overlord  
  53  5:51  Overlord x2  
  53  5:55  Roach x2  
  57  5:58  Roach  
  57  6:00  Roach  
  57  6:01  Roach  
  63  6:07  Queen  
  63  6:09  Queen  
  67  6:11  Queen  
  67  6:15  Roach  
  67  6:17  Roach  
  73  6:19  Roach x3  
  73  6:20  Roach  
  73  6:21  Roach  
  73  6:22  Drone  
  84  6:28  Zerg Missile Weapons Level 1  
  84  6:33  Roach  
  84  6:35  Drone  
  84  6:36  Drone  
  84  6:37  Roach  
  90  6:48  Roach x3  
  90  6:50  Drone  
  97  6:54  Extractor  
  97  6:56  Roach  
  97  6:57  Roach  
  100  7:13  Drone  
  100  7:14  Drone x2  
  103  7:15  Drone  
  103  7:16  Drone x2  
  106  7:34  Infestation Pit  
  105  7:37  Hydralisk Den  
  104  7:45  Spire  
  104  7:50  Drone  
  104  7:51  Drone x2  
  106  7:53  Drone x2  
  106  7:54  Drone  
  109  8:09  Drone  
  110  8:16  Hive  
  110  8:19  Hatchery  
  109  8:21  Drone  
  109  8:24  Drone  
  109  8:25  Drone  
  112  8:28  Drone  
  113  8:52  Drone  
  113  8:53  Drone  
  115  8:56  Extractor  
  114  9:04  Roach, Mutalisk  
  114  9:05  Mutalisk  
  114  9:07  Mutalisk x2  
  114  9:08  Mutalisk  
  126  9:11  Hydralisk  
  126  9:12  Hydralisk x2  
  126  9:14  Drone  
  126  9:15  Drone  
  134  9:38  Drone  
  135  9:39  Drone x2  
  127  9:49  Mutalisk  
  127  9:51  Mutalisk  
  127  9:52  Mutalisk x2  
  121  9:53  Mutalisk  
  121  9:54  Mutalisk x2  
  121  9:56  Mutalisk x3  
  121  9:57  Mutalisk  
  121  9:58  Mutalisk x2  
  109  10:09  Drone  
Tags
 
Matchup
ZvZ
Race
Zerg
Replay Pack
Multiplayer
Spawn Locations
Cross Positions
Add a new tag
Caveats
  • Supply blocks, unpowered buildings, or Contaminate may cause inaccurate times.
  • Supply counts are checked every 10 seconds.